 Dungeon Crawl Stone Soup version 0.22.1-1-ga44c0e56f4 (webtiles) character file.

1141 Pocketmage the Blocker (level 8, 0/70 HPs)
             Began as a Minotaur Fighter on Sept 24, 2018.
             Was a Believer of Qazlal.
             Succumbed to a gnoll's poison
             ... on level 5 of the Dungeon.
             The game lasted 00:23:56 (3386 turns).

Pocketmage the Blocker (Minotaur Fighter)           Turns: 3386, Time: 00:23:56

Health: 0/70       AC: 12    Str: 21    XL:     8   Next: 14%
Magic:  7/7        EV:  6    Int:  6    God:    Qazlal [**....]
Gold:   27         SH: 15    Dex: 11    Spells: 7/7 levels left

rFire    . . .     SeeInvis .   a - +1 war axe
rCold    . . .     Gourm    .   c - +1 shield
rNeg     . . .     Faith    +   o - +0 chain mail
rPois    .         Spirit   .   (helmet restricted)
rElec    .         Reflect  .   (no cloak)
rCorr    .         Harm     .   (no gloves)
MR       .....                  j - +1 pair of boots
Stlth    ..........             k - amulet of faith
HPRegen  0.21/turn              (no ring)
MPRegen  0.10/turn              (no ring)

@: lethally poisoned (0 -> -16)
A: retaliatory headbutt, horns 2
a: Upheaval, Renounce Religion


You were on level 5 of the Dungeon.
You worshipped Qazlal.
Qazlal was pleased with you.
You were not hungry.

You visited 1 branch of the dungeon, and saw 5 of its levels.

You collected 82 gold pieces.
You spent 55 gold pieces at shops.

Inventory:

Hand Weapons
 a - a +1 war axe (weapon)
 e - a +0 blowgun
Missiles
 h - 11 poisoned needles
Armour
 b - a +0 scale mail
 c - a +1 shield (worn)
 j - a +1 pair of boots (worn)
 o - a +0 chain mail (worn)
Jewellery
 g - an uncursed amulet of the gourmand
 k - an amulet of faith (around neck)
Wands
 u - a wand of polymorph (9)
Scrolls
 n - 2 scrolls of teleportation
 q - 5 scrolls of identify
 r - a scroll of enchant armour
 t - a scroll of remove curse
 w - a scroll of fog
Potions
 d - a potion of might
 s - a potion of cancellation {unknown}
 v - 2 potions of lignification {unknown}
 x - a potion of haste {unknown}
Comestibles
 f - 6 rations


   Skills:
 + Level 6.2 Fighting
 + Level 5.6 Axes
 + Level 6.3 Armour
 * Level 8.2 Shields


You had 7 spell levels left.
You didn't know any spells.
Your spell library was empty.

Dungeon Overview and Level Annotations

Branches:
Dungeon (5/15)
 Temple: D:4-7

Altars:
Qazlal

Shops:
D:4 ?


Innate Abilities, Weirdness & Mutations

You reflexively headbutt those who attack you in melee.
You have a pair of horns on your head.


Message History

The centaur is heavily wounded.
* * * LOW HITPOINT WARNING * * *
You feel very sick.
You block the centaur's attack. x2; You block the gnoll's attack.
You closely miss the centaur.
The centaur is heavily wounded.
* * * LOW HITPOINT WARNING * * *
You feel sick. The centaur hits you.
* * * LOW HITPOINT WARNING * * *
The centaur barely misses you. You furiously retaliate!
You headbutt the centaur!
You kill the centaur!
Qazlal accepts your kill. You block the gnoll's attack.
The centaur shoots an arrow.
The arrow hits you.
* * * LOW HITPOINT WARNING * * *
Aiming: Upheaval
Press: ? - help, Dir - move target cursor, f - gnoll
Aim: a gnoll, wielding a flail You fail to use your ability.
You die...

......g.#....
.....o>.....##
.............#
.....####....##
........)(....#
..#####(....######
#.gcg.......
###)#.......
#@#.......
#.#.......
#.#.......
#.#####.## ...#
...# #..# .#
.....# #..# ##.# #
......##..### #.##
............###..#
............###.#


You could see a centaur and 2 gnolls.

Vanquished Creatures
  Grinder (D:4)
  2 ogres (D:4)
  3 centaurs (D:5)
  A bullfrog (D:2)
  A howler monkey (D:4)
  A crimson imp (D:4)
  A bullfrog skeleton (D:4)
  An orc priest (D:4)
  A gnoll shaman (D:5)
  A centaur skeleton (D:4)
  An iguana (D:4)
  Terence (D:3)
  2 worker ants (D:4)
  3 gnolls (D:5)
  3 adders
  3 oozes
  3 dart slugs (D:2)
  2 leopard geckos (D:3)
  17 orcs
  4 giant cockroaches
  5 goblins
  9 hobgoblins
  5 jackals (D:1)
  2 quokkas (D:2)
  2 ball pythons
  10 bats
  6 frilled lizards
  A jackal skeleton (D:4)
  12 kobolds
  4 rats
108 creatures vanquished.

Notes
Turn   | Place    | Note
-------+----------+-------------------------------------------
     0 | D:1      | Pocketmage the Minotaur Fighter began the quest for the
                  | Orb.
     0 | D:1      | Reached XP level 1. HP: 19/19 MP: 0/0
   126 | D:1      | Reached XP level 2. HP: 27/27 MP: 1/1
   174 | D:1      | Reached skill level 4 in Shields
   617 | D:2      | Reached XP level 3. HP: 27/33 MP: 2/2
   701 | D:2      | Found a stormy altar of Qazlal.
   709 | D:2      | Became a worshipper of Qazlal Stormbringer
   918 | D:2      | Reached XP level 4. HP: 40/40 MP: 3/3
   953 | D:2      | Noticed a bullfrog
   958 | D:2      | Killed a bullfrog
   958 | D:2      | Reached skill level 5 in Shields
   962 | D:2      | Reached XP level 5. HP: 39/47 MP: 4/4
  1243 | D:3      | Noticed Terence
  1245 | D:3      | Reached * piety under Qazlal
  1250 | D:3      | Killed Terence
  2132 | D:4      | Reached XP level 6. HP: 55/55 MP: 5/5
  2239 | D:4      | Reached skill level 5 in Armour
  2239 | D:4      | Reached skill level 6 in Shields
  2271 | D:4      | Found Pacuv's Magic Scroll Emporium.
  2275 | D:4      | Reached ** piety under Qazlal
  2275 | D:4      | Reached skill level 5 in Fighting
  2290 | D:4      | Bought a scroll of teleportation for 33 gold pieces
  2290 | D:4      | Bought a scroll of fog for 22 gold pieces
  2406 | D:4      | Noticed Grinder
  2426 | D:4      | Paralysed by Grinder for 5 turns
  2435 | D:4      | Killed Grinder
  2435 | D:4      | Reached XP level 7. HP: 52/61 MP: 6/6
  2494 | D:4      | Reached skill level 7 in Shields
  2558 | D:4      | Reached skill level 5 in Axes
  3085 | D:5      | Entered Level 5 of the Dungeon
  3370 | D:5      | Reached skill level 8 in Shields
  3370 | D:5      | Reached XP level 8. HP: 52/70 MP: 7/7
  3385 | D:5      | HP: 2/70 [centaur/arrow (4)]
  3386 | D:5      | Succumbed to a gnoll's poison

Skill      XL: |  1  2  3  4  5  6  7 |
---------------+----------------------+-----
Shields        | 4 5 6 8 |  8.2
Fighting       | 4 5 6 |  6.2
Armour         | 4 5 6 |  6.3
Axes           | 3 4 5 |  5.6

Action                   |  1- 3 |  4- 6 |  7- 9 || total
-------------------------+-------+-------+-------++-------
Melee: War axe           |   112 |   147 |    54 ||   313
       Headbutt          |     8 |    20 |    14 ||    42
  Use: Scroll            |       |     3 |     5 ||     8
       Potion            |       |       |     1 ||     1
  Eat: Chunk             |       |     5 |       ||     5
       Ration            |       |       |     1 ||     1
Armor: Scale mail        |    56 |    15 |       ||    71
       Chain mail        |       |    43 |    22 ||    65
       Skin              |       |     7 |       ||     7
Dodge: Dodged            |    32 |    33 |    14 ||    79
Block: Shield            |    72 |    90 |    47 ||   209
